 Dungeon Crawl Stone Soup version 0.28-a0-1518-gbe868bca14 (webtiles) character file.

Game seed: 8981906100845559433

1822 enile the Fighter (level 8, -1/74 HPs)
             Began as a Minotaur Wanderer on Jan 16, 2022.
             Was an Elder of Elyvilon.
             Slain by a bullfrog (6 damage)
             ... on level 7 of the Dungeon.
             The game lasted 00:12:24 (7711 turns).

enile the Fighter (Minotaur Wanderer)               Turns: 7711, Time: 00:12:24

Health: -1/74      AC: 10    Str: 21    XL:     8   Next: 85%
Magic:  9/9        EV: 11    Int:  7    God:    Elyvilon [****..]
Gold:   314        SH: 12    Dex: 10    Spells: 7/7 levels left

rFire   . . .      SeeInvis +   g - +0 trident (flame)
rCold   . . .      Faith    .   d - +2 buckler
rNeg    . . .      Spirit   .   z - +1 ring mail of the Hurricane {+Inv Stlth+}
rPois   .          Reflect  +   (helmet restricted)
rElec   +          Harm     .   u - +0 cloak of the Nexus {rElec}
rCorr   .          Rampage  .   (no gloves)
Will    .....                   (no boots)
Stlth   ++........              B - amulet of reflection
HPRegen 0.22/turn               l - ring of see invisible
MPRegen 0.11/turn               (no ring)

@: marked
A: horns 2, retaliatory headbutt, iridescent scales 1, wild magic 2, MP-powered
wands
a: Renounce Religion, Evoke Invisibility, Purification, Heal Other, Heal Self


You were on level 7 of the Dungeon.
You worshipped Elyvilon.
Elyvilon was greatly pleased with you.
You visited 1 branch of the dungeon, and saw 7 of its levels.

You collected 314 gold pieces.

Inventory:

Hand Weapons
 a - a +0 mace
 f - a +0 scythe
 g - a +0 trident of flaming (weapon)
 G - a +5 battleaxe
 H - a +1 morningstar
Missiles
 p - 2 poisoned darts (quivered)
 q - a throwing net
Armour
 d - a +2 buckler (worn)
 e - a +0 leather armour
 i - a +0 scale mail
 u - the +0 cloak of the Nexus (worn) {rElec}
   (You found it on level 4 of the Dungeon)

   rElec:     It insulates you from electricity.
 v - a +2 cloak
 z - the +1 ring mail of the Hurricane (worn) {+Inv Stlth+}
   (You found it on level 5 of the Dungeon)

   +Inv:      It lets you turn invisible.
   Stlth:     It makes you more stealthy.
Jewellery
 l - a ring of see invisible (left hand)
 t - an amulet of faith
 B - an amulet of reflection (around neck)
Wands
 y - a wand of flame (22)
Scrolls
 b - 2 scrolls of blinking
 c - 3 scrolls of fear
 h - 2 scrolls of noise
 k - 3 scrolls of teleportation
 n - 2 scrolls of magic mapping
 s - 2 scrolls of vulnerability
 A - a scroll of silence
 E - a scroll of identify
 F - 2 scrolls of amnesia {unknown}
Potions
 j - 3 potions of degeneration {unknown}
 m - a potion of cancellation
 o - 2 potions of attraction {unknown}
 r - 2 potions of might
 x - 2 potions of haste {unknown}
 C - a potion of lignification {unknown}
 D - a potion of magic {unknown}
 I - a potion of ambrosia {unknown}
 J - 2 potions of curing
 K - a potion of brilliance {unknown}


   Skills:
 - Level 8.0 Fighting
 - Level 3.0 Maces & Flails
 - Level 3.0 Polearms
 - Level 3.0 Throwing
 + Level 5.7 Armour
 - Level 3.0 Dodging
 - Level 2.0 Stealth
 - Level 5.0 Shields
 - Level 3.2 Unarmed Combat
 - Level 3.0 Invocations
 - Level 2.0 Evocations


You had 7 spell levels left.
You didn't know any spells.
Your spell library contained the following spells:

 Spells                   Type           Power      Damage    Failure   Level
 Slow                     Hex            0%         N/A       82%         1
 Sting                    Tmut/Pois      0%         1d3       82%         1
 Poisonous Vapours        Pois/Air       0%         N/A       91%         2
 Confusing Touch          Hex            0%         N/A       99%         3
 Dazzling Flash           Conj/Hex       0%         N/A       99%         3
 Vampiric Draining        Necr           0%         2d6       99%         3
 Olgreb's Toxic Radiance  Pois           0%         N/A       100%        4
 Agony                    Necr           0%         N/A       100%        5
 Silence                  Hex/Air        0%         N/A       100%        5


Dungeon Overview and Level Annotations

Branches:
Dungeon (7/15)             Temple (0/1) D:6

Altars:
Elyvilon
Ru

Shops:
D:6 (

Annotations:
D:7 Maggie


Innate Abilities, Weirdness & Mutations

You have a pair of horns on your head.
You reflexively headbutt those who attack you in melee.
You are partially covered in iridescent scales. (AC +2)
Your spells are harder to cast, but more powerful.
You expend magic power (3 MP) to strengthen your wands.


Message History

You hear a croak.
A bullfrog is nearby!
Throw: 4 darts (poison)
Press: ? - help, Q - select action, (/) - cycle Shift-Dir - straight line, f - bullfrog
Aim: a bullfrog (55% to hit)
You throw a poisoned dart.
The poisoned dart closely misses the bullfrog.
Unknown command.
Throw: 3 darts (poison)
Press: ? - help, Q - select action, (/) - cycle Shift-Dir - straight line, f/p - bullfrog
Aim: a bullfrog (55% to hit)
You throw a poisoned dart. The poisoned dart hits the bullfrog!
The bullfrog is poisoned.
Unknown command.
You hit the bullfrog. You burn the bullfrog. Your headbutt misses the bullfrog.
The bullfrog is moderately wounded.
You block the bullfrog's attack.
The bullfrog swells and bulges.
You block the bullfrog's attack.
You hit the bullfrog. You burn the bullfrog.
The bullfrog is moderately wounded.
The bullfrog hits you.
* * * LOW HITPOINT WARNING * * *
You block the bullfrog's attack.
You hit the bullfrog. You burn the bullfrog.
The bullfrog is heavily wounded.
The bullfrog hits you.
* * * LOW HITPOINT WARNING * * *
The bullfrog hits you.
* * * LOW HITPOINT WARNING * * *
You hit the bullfrog but do no damage.
The bullfrog is severely wounded.
The bullfrog closely misses you.
You closely miss the bullfrog.
The bullfrog is severely wounded.
The bullfrog hits you.
* * * LOW HITPOINT WARNING * * *
You block the bullfrog's attack. The bullfrog hits you.
You die...

#(#
#.#
#.#
#.#
#.#
#(#
#.#
##F#
#@.#
#.##
..#
#.##
#.
#.
#.
..


You could see a bullfrog (poisoned).

Vanquished Creatures
  Pikel (D:5)
  Sigmund (D:4)
  A sky beast (D:6)
  An ogre (D:4)
  2 phantoms
  A bullfrog (D:6)
  2 scorpions (D:5)
  4 wights (D:6)
  A howler monkey (D:5)
  A hound (D:6)
  2 centaur skeletons
  A bullfrog skeleton (D:5)
  2 iguanas
  Terence (D:3)
  A scorpion zombie (D:5)
  A killer bee zombie (D:6)
  A howler monkey zombie (D:6)
  8 gnolls (D:4)
  5 adders
  2 ufetubi
  4 worms
  3 dart slugs
  9 orcs
  4 ball pythons
  7 endoplasms
  7 giant cockroaches
  5 goblins
  5 hobgoblins
  11 jackals
  2 kobolds
  5 quokkas
  2 bats
  4 frilled lizards
  5 rats
112 creatures vanquished.

Vanquished Creatures (others)
  An orc (D:7)
  A plant (D:6)
2 creatures vanquished.

Grand Total: 114 creatures vanquished

Notes
Turn   | Place    | Note
-------+----------+-------------------------------------------
     0 | D:1      | enile the Minotaur Wanderer began the quest for the Orb.
     0 | D:1      | enile set off with the following items: a +0 mace, a scroll
                  | of blinking, a scroll of fear, a +0 buckler, a +0 leather
                  | armour
     0 | D:1      | Reached XP level 1. HP: 16/16 MP: 0/0
   415 | D:1      | Reached skill level 2 in Fighting
   573 | D:1      | Reached XP level 2. HP: 14/25 MP: 1/1
   736 | D:1      | Reached skill level 3 in Fighting
  1117 | D:1      | Reached XP level 3. HP: 31/31 MP: 2/2
  2763 | D:3      | Noticed Terence
  2774 | D:3      | Killed Terence
  2775 | D:3      | Reached XP level 4. HP: 5/38 MP: 3/3
  3175 | D:3      | Found a faded altar of an unknown god.
  3182 | D:3      | Prayed at the altar of an unknown god.
  3182 | D:3      | Became a worshipper of Elyvilon the Healer
  3182 | D:3      | Reached * piety under Elyvilon
  3288 | D:3      | Reached skill level 4 in Fighting
  3502 | D:3      | Found a sacrificial altar of Ru.
  3963 | D:4      | Reached ** piety under Elyvilon
  4036 | D:4      | Reached XP level 5. HP: 36/47 MP: 4/4
  4053 | D:4      | Reached skill level 5 in Fighting
  4293 | D:4      | Identified the +0 cloak of the Nexus {rElec}
  4525 | D:4      | Reached skill level 1 in Polearms
  4747 | D:4      | Noticed Sigmund
  4761 | D:4      | Gained mutation: Armour fits poorly on your strangely
                  | shaped body. [potion of mutation]
  4761 | D:4      | Gained mutation: Your spells are a little harder to cast,
                  | but a little more powerful. [potion of mutation]
  4761 | D:4      | Gained mutation: You expend magic power (3 MP) to
                  | strengthen your wands. [potion of mutation]
  5290 | D:3      | Lost mutation: Armour fits poorly on your strangely shaped
                  | body. [potion of mutation]
  5290 | D:3      | Lost mutation: Your spells are a little harder to cast, but
                  | a little more powerful. [potion of mutation]
  5290 | D:3      | Gained mutation: Your spells are a little harder to cast,
                  | but a little more powerful. [potion of mutation]
  5290 | D:3      | Gained mutation: You are partially covered in iridescent
                  | scales. (AC +2) [potion of mutation]
  5290 | D:3      | Gained mutation: Your spells are harder to cast, but more
                  | powerful. [potion of mutation]
  5339 | D:4      | Killed Sigmund
  5340 | D:4      | Reached skill level 6 in Fighting
  5340 | D:4      | Reached XP level 6. HP: 41/57 MP: 5/5
  5655 | D:4      | Reached skill level 1 in Throwing
  5838 | D:4      | Reached XP level 7. HP: 37/63 MP: 6/6
  6070 | D:5      | Entered Level 5 of the Dungeon
  6335 | D:5      | Reached *** piety under Elyvilon
  6352 | D:5      | Identified the +1 ring mail of the Hurricane {+Inv Stlth+}
  6555 | D:5      | Noticed Pikel
  6574 | D:5      | Killed Pikel
  6575 | D:5      | Reached skill level 5 in Armour
  6575 | D:5      | Reached XP level 8. HP: 47/71 MP: 9/9
  6851 | D:5      | Reached skill level 7 in Fighting
  7086 | D:6      | Found Pokybb's Hydra Hut.
  7088 | D:6      | Noticed a four-headed hydra
  7151 | D:6      | Reached **** piety under Elyvilon
  7152 | D:6      | Found a staircase to the Ecumenical Temple.
  7210 | D:6      | Reached skill level 8 in Fighting
  7298 | D:6      | Reached skill level 5 in Shields
  7684 | D:7      | Noticed Maggie
  7711 | D:7      | Slain by a bullfrog

Illustrated notes

Levels and vault maps discovered:
D:1:      heliophobic_arrival_battle_scene, layout_basic
D:2:      layout_basic, kennysheep_generic_room_15
D:3:      layout_loops_ring, nicolae_ru_the_path_less_chosen,
          dreamdust_ecumenical_altar_angels_and_demons, uniq_terence
D:4:      layout_loops_corners, uniq_sigmund
D:5:      layout_basic, serial_corexii_hall, chequers_hall_statues_wall_a,
          chequers_hall_statues_wall_a, corexii_hall_statues_deadend, uniq_pikel
D:6:      layout_basic, minmay_temple_entry_large_hall, doesnt_shop_hydraphobe
D:7:      layout_basic, mainiacjoe_overflow_two_lobes,
          nicolae_wu_jian_immortal_techniques, serial_aquarium,
          aquarium_bridge_island_small [aquarium_subvault_small_open,
          aquarium_subvault_wall, aquarium_subvault_window,
          aquarium_subvault_bridge, aquarium_subvault_bridge],
          aquarium_bridge_straight [aquarium_subvault_bridge,
          aquarium_subvault_wall, aquarium_subvault_bridge,
          aquarium_subvault_wall], aquarium_window_2, aquarium_window_2,
          aquarium_window_fake, aquarium_view_2c, aquarium_view_2d,
          aquarium_pool_1, uniq_maggie, uniq_prince_ribbit1

Skill      XL: |  1  2  3  4  5  6  7  8 |
---------------+-------------------------+-----
Fighting       | 2 3 4 6 8 |  8.0
Shields        | 2 3 4 5 |  5.0
Armour         | 3 4 5 |  5.7
Maces & Flails | 3 |  3.0
Polearms       | 2 3 |  3.0
Throwing       | 2 3 |  3.0
Dodging        | 3 |  3.0
Invocations    | 3 |  3.0
Evocations     | 2 |  2.0
Stealth        | 2 |  2.0
Unarmed Combat | |  3.2

Action                   |  1- 3 |  4- 6 |  7- 9 || total
-------------------------+-------+-------+-------++-------
Melee: Mace              |   110 |       |       ||   110
       Headbutt          |    14 |    20 |    23 ||    57
       Trident           |       |   145 |   134 ||   279
Throw: Dart              |       |     7 |     3 ||    10
       Throwing net      |       |       |     2 ||     2
  Use: Scroll            |     1 |     6 |     5 ||    12
       Potion            |       |     3 |       ||     3
 Stab: Sleeping          |       |       |     2 ||     2
Armor: Leather armour    |     9 |       |       ||     9
       Scale mail        |    33 |    37 |     7 ||    77
       Ring mail         |       |       |    23 ||    23
Dodge: Dodged            |    44 |    55 |    43 ||   142
Block: Buckler           |    24 |    34 |    64 ||   122

Table legend: (Time is in decaauts)
 A = Elapsed time spent in this place.
 B = Non-inter-level travel time spent in this place.
 C = Inter-level travel time spent in this place.
 D = Time resting spent in this place.
 E = Time spent auto-exploring this place.
 F = Levels seen in this place.
 G = Mean time per level.
                   A        B        C        D        E       F      G
               +--------+--------+--------+--------+--------+-----+--------+
         Total |   7819 |   7596 |    223 |    501 |   6066 |   7 | 1117.0 |
       Dungeon |   7819 |   7596 |    223 |    501 |   6066 |   7 | 1117.0 |
               +--------+--------+--------+--------+--------+-----+--------+

Top non-repeatable levels by time:
     D:4: 1738 daAuts
     D:3: 1715 daAuts
     D:1: 1542 daAuts
     D:2: 1153 daAuts
     D:5: 933 daAuts
     D:6: 601 daAuts
     D:7: 135 daAuts
